 Dungeon Crawl Stone Soup version 0.18-a0-20-gaede791 (webtiles) character file.

119 Hedron the Charlatan (level 4, 0/21 HPs)
             Began as a Spriggan Artificer on Nov 2, 2015.
             Succumbed to a goblin's poison
             ... on level 3 of the Dungeon.
             The game lasted 00:09:18 (3867 turns).

Hedron the Charlatan (Spriggan Artificer)           Turns: 3867, Time: 00:09:18

Health: 0/21       AC:  2    Str:  8    XL:     4   Next: 73%
Magic:  9/9        EV: 18    Int: 13    God:
Gold:   84         SH:  0    Dex: 16    Spells: 0 memorised, 3 levels left

rFire  + . .     SeeInvis +     j - -2 rapier (curse)
rCold  + . .     Clarity  .     b - +0 robe
rNeg   . . .     SustAt   .     (shield restricted)
rPois  +         Gourm    .     (helmet restricted)
rElec  +         Spirit   .     (no cloak)
rCorr  +         Warding  .     (gloves unavailable)
rMut   .         Stasis   .     (boots unavailable)
MR     .....                    (no amulet)
Stlth  ++........               (no ring)
                                (no ring)

@: lethally poisoned (0 -> -32), resistant, flying, very quick, not resistant to
hostile enchantments, unstealthy
A: unfitting armour, see invisible, herbivore 3, speed 3, slow metabolism 2
a: no special abilities


You were on level 3 of the Dungeon.
You were not hungry.

You visited 1 branch of the dungeon, and saw 3 of its levels.

You collected 84 gold pieces.

Inventory:

Hand Weapons
 a - a +3 short sword
 j - a cursed -2 rapier (weapon)
Missiles
 k - 73 stones
 l - 5 tomahawks of dispersal
 m - 2 throwing nets
 p - 14 poisoned needles
 t - 6 tomahawks (quivered)
Armour
 b - a +0 robe (worn)
Wands
 c - a wand of flame (11)
 d - a wand of enslavement (15)
 e - a wand of random effects (8)
Scrolls
 g - 2 scrolls of amnesia
 u - a scroll of fog {unknown}
 v - a scroll of fear {unknown}
Potions
 h - a potion of haste
 i - a potion of resistance
 o - a potion of magic
Comestibles
 f - 2 bread rations
 n - 3 fruits


   Skills:
 - Level 0.7 Fighting
 + Level 3.3 Short Blades
 - Level 3.0 Dodging
 - Level 1.5 Stealth
 + Level 6.1 Evocations


You had 3 spell levels left.
You didn't know any spells.

Dungeon Overview and Level Annotations

Branches:
Dungeon (3/15)

Altars:


Innate Abilities, Weirdness & Mutations

You are tiny and cannot use many weapons and most armour.
You have supernaturally acute eyesight.
You are a herbivore.
You cover ground extremely quickly.
You need consume almost no food.


Message History

You feel sick.
The goblin hits you with a dagger of venom.
You are more poisoned.
You barely miss the goblin.
The goblin is severely wounded.
You feel very sick. The goblin barely misses you.
You hit the goblin.
The goblin is almost dead.
You feel sick.
The goblin hits you with a dagger of venom.
* * * LOW HITPOINT WARNING * * *
You are more poisoned.
You hit the goblin.
You kill the goblin!
* * * LOW HITPOINT WARNING * * *
You feel very sick.
Drink which item? (? for menu, Esc to quit)
You feel protected.
You die...

#.......# .
####
##...##.###.
##.........
##.###.##
##.# ##..#
##...#
##..#..#
#@)###.#
#.## .# #†#
(# #.# .#
$.. ...
..... .....
.......


There were no monsters in sight!

Vanquished Creatures
  3 adders
  2 worms (D:2)
  3 giant geckos
  2 orcs (D:3)
  A ball python (D:3)
  7 bats
  4 giant cockroaches
  9 goblins
  11 hobgoblins
  11 jackals
  6 kobolds
  3 quokkas
  4 giant newts
  7 rats
73 creatures vanquished.

Vanquished Creatures (others)
  5 toadstools (D:1)
5 creatures vanquished.

Grand Total: 78 creatures vanquished

Notes
Turn   | Place    | Note
--------------------------------------------------------------
     0 | D:1      | Hedron the Spriggan Artificer began the quest for the Orb.
     0 | D:1      | Reached XP level 1. HP: 9/9 MP: 4/4
   446 | D:1      | Reached XP level 2. HP: 14/14 MP: 6/6
  1145 | D:1      | Reached skill level 5 in Evocations
  1145 | D:1      | Reached XP level 3. HP: 13/17 MP: 7/7
  2705 | D:2      | Reached XP level 4. HP: 14/21 MP: 9/9
  2831 | D:2      | Found a faded altar to an unknown god.
  3730 | D:3      | Reached skill level 6 in Evocations
  3867 | D:3      | Succumbed to a goblin's poison

Vault maps used:
D:1:      ldierk_walled_garden, serial_park_tiny_pond, minmay_fountain_box
D:2:      ecumenical_altar_1
D:3:      portal_sewer_entry_d

Action                   |  1- 3 |  4- 6 || total
-------------------------+-------+-------++-------
Melee: Short sword       |   217 |    63 ||   280
       Rapier            |       |    64 ||    64
Throw: Tomahawk          |    13 |     2 ||    15
       Stone             |     2 |       ||     2
Evoke: Wand              |     6 |     5 ||    11
  Use: Scroll            |     7 |     6 ||    13
       Potion            |     1 |     4 ||     5
 Stab: Sleeping          |     4 |     4 ||     8
       Paralysed         |       |     1 ||     1
  Eat: Fruit             |       |     1 ||     1
